 Dungeon Crawl Stone Soup version 0.29.1-2-gbd0b4ee654 (webtiles) character file.

Game seed: 7516775483041052801

36 GigaChad the Covered (level 3, -1/33 HPs)
             Began as a Minotaur Fighter on Nov 29, 2022.
             Was a Follower of Sif Muna.
             Slain by a gnoll
             ... wielding a +0 whip
              (2 damage)
             ... on level 2 of the Dungeon.
             The game lasted 00:02:40 (813 turns).

GigaChad the Covered (Minotaur Fighter)              Turns: 813, Time: 00:02:40

Health: -1/33      AC:  7    Str: 22    XL:     3   Next: 19%
Magic:  2/2        EV:  9    Int:  5    God:    Sif Muna [*.....]
Gold:   42         SH:  4    Dex:  9    Spells: 2/2 levels left

rFire   . . .      SeeInvis .   a - +0 war axe
rCold   . . .      Faith    .   c - +0 buckler
rNeg    . . .      Spirit   .   b - +0 scale mail
rPois   .          Reflect  .   (helmet restricted)
rElec   .          Harm     .   (no cloak)
rCorr   .          Rampage  .   (no gloves)
Will    .....                   (no boots)
Stlth   ..........              (no amulet)
HPRegen 0.11/turn               (no ring)
MPRegen 0.08/turn               (no ring)

@: no status effects
A: horns 2, retaliatory headbutt
a: Renounce Religion, Channel Magic


You were on level 2 of the Dungeon.
You worshipped Sif Muna.
Sif Muna was aware of your devotion.
You visited 1 branch of the dungeon, and saw 2 of its levels.

You collected 42 gold pieces.

Inventory:

Hand Weapons
 a - a +0 war axe (weapon)
Armour
 b - a +0 scale mail (worn)
 c - a +0 buckler (worn)
Scrolls
 f - 2 scrolls of silence {unknown}
 g - a scroll of magic mapping {unknown}
 i - a scroll of immolation {unknown}
 j - a scroll of butterflies {unknown}
Potions
 d - a potion of might
 e - 2 potions of resistance {unknown}
 h - 2 potions of lignification {unknown}


   Skills:
 + Level 4.2 Fighting
 + Level 2.5 Axes
 + Level 4.4 Armour
 + Level 4.0 Shields


You had 2 spell levels left.
You didn't know any spells.
Your spell library was empty.

Dungeon Overview and Level Annotations

Branches:
Dungeon (2/15)

Altars:
Sif Muna

Shops:
D:1 (


Innate Abilities, Weirdness & Mutations

You have a pair of horns on your head.
You reflexively headbutt those who attack you in melee.


Message History

You now have 42 gold pieces (gained 3). 4 gnolls come into view.
The gnoll shouts! x3; You hear a shout!
The gnoll hits you with a +0 whip!
You closely miss the gnoll. The gnoll hits you with a +0 whip.
A hobgoblin comes into view.
You slash the gnoll!
You kill the gnoll!
Sif Muna accepts your kill.
You have reached level 3!
Your experience leads to an increase in your attributes!
Increase (S)trength, (I)ntelligence, or (D)exterity?
You feel stronger. x2
You completely miss the gnoll. You headbutt the gnoll.
The gnoll is moderately wounded.
The gnoll closely misses you. The gnoll barely misses you.
The gnoll hits you with a +0 whip. The gnoll closely misses you.
You see here a +0 whip.
You hit the gnoll.
The gnoll is moderately wounded.
You barely miss the gnoll. The gnoll hits you with a +0 whip.
The gnoll hits you but does no damage.
The gnoll hits you from afar with a +0 spear.
You hit the gnoll but do no damage.
The gnoll is moderately wounded.
You hit the gnoll but do no damage. The gnoll barely misses you.
The gnoll hits you with a +0 whip.
The gnoll hits you from afar with a +0 spear.
* * * LOW HITPOINT WARNING * * *
You closely miss the gnoll. You headbutt the gnoll!
You kill the gnoll!
Sif Muna accepts your kill.
You closely miss the gnoll. The gnoll closely misses you.
The gnoll hits you from afar with a +0 spear.
* * * LOW HITPOINT WARNING * * *
The gnoll hits you from afar with a +0 spear.
* * * LOW HITPOINT WARNING * * *
The gnoll hits you with a +0 whip.
You die...

#### #.# ...# #.#
##.# #.# #.# #.#
#.# #g# #.# #g#
#.###### #)#
#......########@#
######........g.#
############


You could see 2 gnolls and a hobgoblin.

Vanquished Creatures
  2 gnolls (D:2)
  5 ball pythons
  An endoplasm (D:1)
  A giant cockroach (D:1)
  3 goblins
  A hobgoblin (D:2)
  4 jackals
  5 bats
  A kobold (D:1)
  2 rats (D:1)
25 creatures vanquished.

Vanquished Creatures (others)
  2 demonic plants (D:1)
2 creatures vanquished.

Grand Total: 27 creatures vanquished

Notes
Turn   | Place    | Note
-------+----------+-------------------------------------------
     0 | D:1      | GigaChad the Minotaur Fighter began the quest for the Orb.
     0 | D:1      | Reached XP level 1. HP: 19/19 MP: 0/0
   182 | D:1      | Reached XP level 2. HP: 27/27 MP: 1/1
   204 | D:1      | Found Wyehaz's Weapon Shop.
   540 | D:1      | Found a faded altar of an unknown god.
   550 | D:1      | Prayed at the altar of an unknown god.
   550 | D:1      | Became a worshipper of Sif Muna the Loreminder
   550 | D:1      | Reached * piety under Sif Muna
   809 | D:2      | Reached XP level 3. HP: 20/33 MP: 2/2
   813 | D:2      | HP: 1/33 [gnoll/+0 spear (5)]
   813 | D:2      | Slain by a gnoll

Illustrated notes

Levels and vault maps discovered:
D:1:      scummos_arrival_checkerplants, layout_basic, serial_shops,
          nicolae_square_shop, shapermc_ecumenical_altar_mp_highgroup,
          grunt_decor_clamped, kennysheep_decorative_pillar,
          dreamdust_princess_corridor
D:2:      layout_loops_ring, basic_altar, minmay_tetromino_o4

Skill      XL: |  1  2 |
---------------+-------+-----
Fighting       | 4 |  4.2
Armour         | 4 |  4.4
Shields        | 4 |  4.0
Axes           | |  2.5

Action                   || total
-------------------------++-------
Melee: War axe           ||    41
       Headbutt          ||     5
Armor: Scale mail        ||    29
Dodge: Dodged            ||    48
Block: Buckler           ||    17
